 Dungeon Crawl Stone Soup version 0.23.0-3-gf3c87f2 (webtiles) character file.

Game seed: 11166299845937191392

39 misha the Poker (level 3, -4/30 HPs)
             Began as a Merfolk Berserker on Feb 24, 2019.
             Was a Believer of Trog.
             Killed from afar by a goblin (19 damage)
             ... with an exploding inner flame
             ... hexed by the player character
             ... on level 2 of the Dungeon.
             The game lasted 00:02:35 (1012 turns).

misha the Poker (Merfolk Berserker)                 Turns: 1012, Time: 00:02:36

Health: -4/30      AC:  3    Str: 18    XL:     3   Next: 47%
Magic:  3/3        EV: 13    Int:  6    God:    Trog [**....]
Gold:   42         SH:  0    Dex: 13    Spells: 2/2 levels left

rFire    . . .     SeeInvis .   a - +0 spear
rCold    . . .     Gourm    .   (no shield)
rNeg     . . .     Faith    .   b - +1 animal skin
rPois    .         Spirit   .   (no helmet)
rElec    .         Reflect  .   (no cloak)
rCorr    .         Harm     .   (no gloves)
MR       .....                  (no boots)
Stlth    +.........             (no amulet)
HPRegen  0.10/turn              (no ring)
MPRegen  0.08/turn              (no ring)

@: lethally poisoned (-4 -> -11)
A: change form in water, swift swim, stealthy swim
a: Berserk, Trog's Hand, Renounce Religion


You were on level 2 of the Dungeon.
You worshipped Trog.
Trog was pleased with you.
You were not hungry.

You visited 1 branch of the dungeon, and saw 2 of its levels.

You collected 42 gold pieces.

Inventory:

Hand Weapons
 a - a +0 spear (weapon)
Missiles
 d - 20 bolts
 e - 70 stones (quivered)
 n - 20 arrows
Armour
 b - a +1 animal skin (worn)
Jewellery
 g - an uncursed amulet of rage {unknown}
Scrolls
 h - a scroll of blinking {unknown}
 i - a scroll of magic mapping {unknown}
 j - a scroll of identify {unknown}
 k - a scroll of fear {unknown}
Comestibles
 c - 3 rations


   Skills:
 + Level 3.8 Fighting
 + Level 5.5 Polearms
 + Level 1.4 Armour
 + Level 3.0 Dodging
 + Level 0.7 Stealth


You had 2 spell levels left.
You didn't know any spells.
Your spell library was empty.

Dungeon Overview and Level Annotations

Branches:
Dungeon (2/15)

Altars:
Nemelex Xobeh


Message History

You are too injured to fight recklessly!
You are too injured to fight recklessly!
You are too injured to fight recklessly!
You are too injured to fight recklessly!
You are too injured to fight recklessly!
You are too injured to fight recklessly!
You are too injured to fight recklessly!
You are too injured to fight recklessly!
You barely miss the goblin. The adder misses you.
The goblin closely misses you.
You closely miss the goblin.
You feel sick.
A bat comes into view.
The adder misses you. The goblin hits you but does no damage.
The bat moves out of view.
You closely miss the goblin. The adder barely misses you.
You puncture the goblin!
The goblin explodes!
The fiery explosion engulfs you!!
Ouch! That really hurt!
You die...

####### #. ......######
.. ....†.....<# ###.# #
......######.#...# )# .
......# #.#... . #..
......# #.#..# ?#..
......# #.#.§## #.$#
......# #.#.§.##..#
.....#######.#)#@Sl$#
.....<.....#.#.###g....#
##########.#.#.# #.#.###
#######.#.#.# #.#...
............# #.# ....
.........#### #.# .....
...............># ....
................# ....
.........######


You could see an adder (inner flame), a goblin (inner flame) and a frilled
lizard (inner flame).

Vanquished Creatures
  2 leopard geckos
  5 bats
  2 giant cockroaches (D:1)
  8 goblins
  4 hobgoblins (D:1)
  A jackal (D:2)
  4 kobolds (D:1)
  A frilled lizard (D:2)
  7 rats (D:1)
34 creatures vanquished.

Notes
Turn   | Place    | Note
-------+----------+-------------------------------------------
     0 | D:1      | misha the Merfolk Berserker began the quest for the Orb.
     0 | D:1      | Reached XP level 1. HP: 18/18 MP: 1/1
    44 | D:1      | Found a sparkling altar of Nemelex Xobeh.
    86 | D:1      | Reached XP level 2. HP: 24/24 MP: 2/2
   147 | D:1      | Reached skill level 5 in Polearms
   392 | D:1      | Reached XP level 3. HP: 30/30 MP: 3/3
   541 | D:1      | Reached ** piety under Trog
  1012 | D:2      | Killed from afar by a goblin

Skill      XL: |  1  2 |
---------------+-------+-----
Dodging        | 3 |  3.0
Polearms       | 5 |  5.5
Fighting       | |  3.8
Armour         | |  1.4
Stealth        | |  0.7

Action                   || total
-------------------------++-------
Melee: Spear             ||   121
  Use: Scroll            ||     3
 Stab: Sleeping          ||     2
Armor: Animal skin       ||    19
Dodge: Dodged            ||    64
